 Dungeon Crawl Stone Soup version bcrawl-1.38.3 (webtiles) character file.

Game seed: 1423845634707048068

119205 SludgeElvesOrGTFO the Chiller (level 4, -1/30 HPs)
             Began as a High Elf Ice Elementalist on June 13, 2023.
             Slain by a centaur (4 damage)
             ... on level 3 of the Dungeon.
             The game lasted 00:11:15 (1898 turns).

SludgeElvesOrGTFO the Chiller (HEIE)                Turns: 1898, Time: 00:11:15

Health: -1/30      AC:  4    Str:  7    XL:     4   Next: 9%
Magic:  3/8        EV: 12    Int: 19    God:
Gold:   140        SH:  0    Dex: 14    Spells: 1/7 levels left

rFire    . . .     GDR:     26%   - Fists (2.7)
rCold    . . .     SeeInvis .   (no shield)
rNeg     . . .     Gourm    .   n - +1 robe {RegenMP}
rPois    .         Faith    .   (no helmet)
rElec    .         Spirit   .   (no cloak)
rCorr    .         Reflect  .   m - +0 pair of gloves
MR       .....                  (no boots)
Stlth    ++++......             p - amulet of magic regeneration
HPRegen  0.15/turn              b - ring of stealth
MPRegen  0.32/turn              (no ring)

@: no status effects
A: obsessive focus, MP-powered wands
a: no special abilities


You were on level 3 of the Dungeon.
You were hungry.

You visited 1 branch of the dungeon, and saw 3 of its levels.

You collected 140 gold pieces.

Inventory:

Hand Weapons
 f - a +0 club
   (You took it off a hobgoblin on level 1 of the Dungeon)
Missiles
 g - 86 poisoned needles
Armour
 a - a +0 robe
 m - a +0 pair of gloves (worn)
   (You found it on level 1 of the Dungeon)
 n - a +1 robe of magic recovery (worn)
   (You found it on level 1 of the Dungeon)
Jewellery
 b - a ring of stealth (left hand)
   (You found it on level 1 of the Dungeon)
 j - an uncursed amulet of rage
   (You found it on level 1 of the Dungeon)
 p - an amulet of magic regeneration (around neck)
   (You found it on level 2 of the Dungeon)
Wands
 c - a wand of iceblast (7)
Scrolls
 h - a scroll of fog
 k - a scroll of blinking {unknown}
 o - a scroll of fear {unknown}
 w - a scroll of remove curse
Comestibles
 e - 2 rations {!d}


   Skills:
 - Level 2.1 Dodging
 - Level 2.4 Stealth
 - Level 2.4 Spellcasting
 - Level 2.0 Conjurations
 + Level 4.7 Ice Magic
 + Level 1.7 Evocations


You had one spell level left.
You knew the following spells:

 Your Spells              Type           Power        Failure   Level  Hunger
a - Freeze                Ice            ###...       2%          1    None
b - Throw Frost           Conj/Ice       ###...       2%          2    ##.....
c - Ozocubu's Armour      Chrm/Ice       ##......     19%         3    ####...

Your spell library contained the following spells:

 Spells                   Type           Power        Failure   Level  Hunger
 Throw Icicle             Conj/Ice       ###.....     38%         4    ######.
 Ice Form                 Ice/Tmut       ##......     52%         4    ######.
 Summon Ice Beast         Ice/Summ       ##......     52%         4    ######.


Dungeon Overview and Level Annotations

Branches:
Dungeon (3/12)

Altars:

Annotations:
D:2 1 exclusion, Sigmund
D:3 Ijyb


Innate Abilities, Weirdness & Mutations

You can't train low skills.
You expend magic power (3 MP) to strengthen your wands.


Message History

Confirm with . or Enter, or press ? or * to list all spells.
Aiming: Freeze (safe; 2% risk of failure)
Press: ? - help, Shift-Dir - straight line, f/p - orc
Aim: an orc, wearing a +0 ring mail (almost dead)
You freeze the orc!
You kill the orc!
Casting: Freeze (safe; 2% risk of failure)
Confirm with . or Enter, or press ? or * to list all spells.
Aiming: Freeze (safe; 2% risk of failure)
Press: ? - help, Shift-Dir - straight line, f - frilled lizard
Aim: a frilled lizard You freeze the frilled lizard.
You kill the frilled lizard!
c - a wand of iceblast (7) (gained 6 charges)
There are no items here.
You see here a +0 ring mail.
Okay, then.
Evoke which item? (* to show all) (? for menu, Esc to quit)
Okay, then.
Wear which item? (? for menu, Esc to quit)
You start removing your armour.
You continue taking off your +0 robe. x4
You finish taking off your +0 robe.
You start putting on your armour.
You continue putting on your runed robe. x5
You finish putting on your +1 robe of magic recovery.
You feel your recovery of magical power quicken.
Put on which piece of jewellery? (? for menu, Esc to quit)
You sense that the amulet cannot attune itself to your exhausted body.
p - an amulet of magic regeneration (around neck) Put on which piece of jewellery? (? for menu, Esc to quit)
b - a ring of stealth (left hand)
Your amulet attunes itself to your body and you begin to regenerate magic more quickly.
Put on which piece of jewellery? (? for menu, Esc to quit)
You remove your amulet of magic regeneration.
j - an amulet of rage (around neck) Put on which piece of jewellery? (? for menu, Esc to quit)
You remove your amulet of rage.
The amulet hums as it attunes itself to your energized body.
p - an amulet of magic regeneration (around neck)
The centaur shouts!
The centaur shoots an arrow.
The arrow hits you.
A centaur is nearby!
Unknown command.
The centaur shoots an arrow.
The arrow hits you!
Ouch! That really hurt!
You start resting.
The centaur is too close now for your liking.
Casting: Freeze (safe; 2% risk of failure)
Confirm with . or Enter, or press ? or * to list all spells.
Aiming: Freeze (safe; 2% risk of failure)
Press: ? - help, Shift-Dir - straight line, f - centaur
Aim: a centaur, wielding a +0 shortbow and quivering 102 arrows You freeze the centaur.
The centaur is lightly wounded.
The centaur unwields a +0 shortbow.
The centaur hits you.
* * * LOW HITPOINT WARNING * * *
You feel better. The centaur hits you!
* * * LOW HITPOINT WARNING * * *
Casting: Freeze (safe; 2% risk of failure)
Confirm with . or Enter, or press ? or * to list all spells.
A cloud of ice covers your body! The centaur barely misses you.
Casting: Ozocubu's Armour (safe; 19% risk of failure)
Confirm with . or Enter, or press ? or * to list all spells.
Aiming: Freeze (safe; 2% risk of failure)
Press: ? - help, Shift-Dir - straight line, f/p - centaur
Aim: a centaur, quivering 102 arrows (lightly wounded)
You freeze the centaur.
The centaur is moderately wounded.
Your icy armour evaporates.
The centaur hits you.
* * * LOW HITPOINT WARNING * * *
Evoke which item? (* to show all) (? for menu, Esc to quit)
Aiming: Iceblast
Press: ? - help, Shift-Dir - straight line, p - centaur You can't see that place. [a rock wall.]
Okay, then.
You aren't carrying any potions.
Unknown command.
Okay, then.
Casting: Freeze (safe; 2% risk of failure)
Confirm with . or Enter, or press ? or * to list all spells.
Okay, then.
Casting: Freeze (safe; 2% risk of failure)
Confirm with . or Enter, or press ? or * to list all spells.
Aiming: Freeze (safe; 2% risk of failure)
Press: ? - help, Shift-Dir - straight line, f/p - centaur
Aim: a centaur, quivering 102 arrows (moderately wounded)
You freeze the centaur.
The centaur is moderately wounded.
The centaur hits you but does no damage.
Casting: Freeze (safe; 2% risk of failure)
Confirm with . or Enter, or press ? or * to list all spells.
Aiming: Freeze (safe; 2% risk of failure)
Press: ? - help, Shift-Dir - straight line, f/p - centaur
Aim: a centaur, quivering 102 arrows (moderately wounded)
You freeze the centaur!
The centaur is severely wounded.
The centaur hits you.
You die...

#########....#
#.@...........
#c########...
#...#### ..#
###...[## ..#
#....###..##..#
.. ####.
##.c#..#....
##..###.....#.[
#.............
.....#####.....#


You could see a centaur.

Vanquished Creatures
  An adder (D:2)
  A gnoll (D:1)
  A worm (D:2)
  3 dart slugs (D:1)
  A leopard gecko (D:1)
  2 orcs
  4 giant cockroaches (D:1)
  2 goblins (D:1)
  5 hobgoblins
  4 jackals (D:1)
  A quokka (D:2)
  A ball python (D:1)
  8 bats
  2 frilled lizards
  2 kobolds (D:2)
  4 rats
42 creatures vanquished.

Notes
Turn   | Place    | Note
-------+----------+-------------------------------------------
     0 | D:1      | SludgeElvesOrGTFO the High Elf Ice Elementalist began the
                  | quest for the Orb.
     0 | D:1      | Reached XP level 1. HP: 13/13 MP: 4/4
    66 | D:1      | Reached skill level 1 in Evocations
   117 | D:1      | Reached XP level 2. HP: 19/19 MP: 1/6
   172 | D:1      | Learned a level 2 spell: Throw Frost
   247 | D:1      | Reached skill level 4 in Ice Magic
   480 | D:1      | Reached skill level 2 in Conjurations
   534 | D:1      | Reached XP level 3. HP: 23/24 MP: 4/7
   998 | D:1      | Learned a level 3 spell: Ozocubu's Armour
  1647 | D:2      | Reached XP level 4. HP: 30/30 MP: 6/8
  1751 | D:2      | Noticed Sigmund
  1792 | D:3      | Noticed Ijyb
  1802 | D:3      | Noticed a centaur
  1896 | D:3      | HP: 3/30 [centaur (6)]
  1898 | D:3      | Slain by a centaur

Skill      XL: |  1  2 |
---------------+-------+-----
Evocations     | 1 |  1.7
Ice Magic      | 4 |  4.7
Conjurations   | 2 |  2.0
Dodging        | |  2.1
Stealth        | |  2.4
Spellcasting   | |  2.4

Action                   |  1- 3 |  4- 6 || total
-------------------------+-------+-------++-------
Melee: Unarmed           |     1 |     3 ||     4
 Cast: Freeze            |    57 |    15 ||    72
       Throw Frost       |     6 |       ||     6
       Ozocubu's Armour  |     1 |     1 ||     2
  Use: Scroll            |     2 |     2 ||     4
       Potion            |       |     2 ||     2
  Eat: Chunk             |     4 |       ||     4
Armor: Robe              |    10 |     3 ||    13
       Skin              |       |     1 ||     1
Dodge: Dodged            |    36 |    11 ||    47

Levels and vault maps discovered:
D:1:      psy_arrival_statuary, layout_basic
D:2:      layout_basic, chequers_serial_rivers_micro_b, uniq_sigmund
D:3:      minmay_spotlight, layout_rooms, cheibrodos_ashenzari_chains, uniq_ijyb

Table legend:
 A = Turns spent in this place as a percentage of turns spent in the entire game.
 B = Non-inter-level travel turns spent in this place as a percentage of non-inter-level travel turns spent in the entire game.
 C = Inter-level travel turns spent in this place as a percentage of turns spent in this place.
 D = Turns resting spent in this place as a percentage of non-inter-level travel turns spent in this place.
 E = Turns spent auto-exploring this place as a percentage of non-inter-level travel turns spent in this place.
 F = Non-inter-level travel turns spent in this place divided by the number of levels of this place that you've seen.
                   A       B       C       D       E      F
               +-------+-------+-------+-------+-------+----------------------
         Total | 100.0 | 100.0 |   1.0 |   4.2 |  73.0 | 626.3
       Dungeon | 100.0 | 100.0 |   1.0 |   4.2 |  73.0 | 626.3
               +-------+-------+-------+-------+-------+----------------------

Table legend:
 A = Kills in this place as a percentage of kills in entire the game.
 B = Kills by you in this place as a percentage of kills by you in the entire game.
 C = Kills by friends in this place as a percentage of kills by friends in the entire game.
 D = Other kills in this place as a percentage of other kills in the entire game.
 E = Experience gained in this place as a percentage of experience gained in the entire game.
 F = Experience gained in this place divided by the number of levels of this place that you have seen.
                   A       B       C       D       E      F
               +-------+-------+-------+-------+-------+----------------------
         Total | 100.0 | 100.0 |   N/A |   N/A | 100.0 |  35.3
       Dungeon | 100.0 | 100.0 |   N/A |   N/A | 100.0 |  35.3
               +-------+-------+-------+-------+-------+----------------------
